Map: Ley Lines

Players

KimChiLoVer - Winner!

  • Race: Terran Terran
  • Spawn Location: 7:00

VOD

Have the link to the VOD?

Description

Time

  • Played on: Aug. 13, 2025, 8:09 p.m.
  • Length: 10:38
Show
View Real Time Build Order
Export as new Build Order

KimChiLoVer Terran - Winner!

Build Orders: Reaper Expand 

Get SALT Encoding   

  12  0:02  SCV  
  12  0:14  SCV  
  12  0:17  Supply Depot  
  12  0:26  SCV  
  12  0:39  SCV  
  12  0:41  Barracks  
  12  0:44  Refinery  
  12  0:51  SCV  
  12  1:03  SCV  
  12  1:15  SCV  
  12  1:27  Orbital Command  
  12  1:29  Reaper  
  12  1:40  Command Center  
  12  1:50  Supply Depot  
  12  1:53  SCV  
  12  2:01  Marine  
  12  2:05  Factory, SCV  
  12  2:12  Refinery  
  12  2:19  Barracks  
  12  2:22  Barracks Reactor  
  12  2:26  SCV  
  12  2:38  SCV  
  12  2:49  Starport  
  12  2:50  SCV  
  12  2:52  Factory Tech Lab  
  12  2:54  Orbital Command  
  12  3:02  SCV  
  12  3:03  Marine x2  
  12  3:13  Barracks  
  12  3:18  Marine  
  12  3:23  SCV, Factory Reactor  
  12  3:25  Stimpack  
  12  3:30  Supply Depot  
  12  3:36  SCV  
  12  3:38  SCV  
  12  3:42  Marine x2  
  12  3:45  Marine  
  12  3:48  SCV  
  12  3:50  SCV  
  12  4:03  Command Center  
  12  4:09  Engineering Bay  
  12  4:12  Engineering Bay  
  12  4:16  Marine x2  
  12  4:18  SCV  
  12  4:23  Factory Tech Lab, SCV  
  12  4:25  Medivac  
  12  4:28  Medivac  
  12  4:35  Supply Depot  
  12  4:36  Terran Infantry Weapons Level 1  
  12  4:39  Marine  
  12  4:46  SCV x2  
  12  4:50  Terran Infantry Armor Level 1  
  12  4:51  Marine x2  
  12  4:58  SCV  
  12  5:05  Barracks  
  12  5:07  Barracks  
  12  5:08  SCV, Refinery  
  12  5:10  SCV  
  12  5:12  Combat Shield  
  12  5:15  Orbital Command  
  12  5:18  Barracks Tech Lab  
  12  5:20  Medivac  
  12  5:23  SCV  
  12  5:24  SCV  
  12  5:30  Refinery  
  12  5:32  Marine x3  
  12  5:35  SCV  
  12  5:40  Armory  
  12  5:45  Supply Depot  
  12  5:47  Supply Depot  
  12  5:48  SCV x2  
  12  5:53  Siege Tank  
  12  5:55  Concussive Shells  
  12  5:56  Barracks Tech Lab  
  12  5:59  Barracks Reactor  
  12  6:00  Marine  
  12  6:01  Marine  
  12  6:02  Marine  
  12  6:05  SCV  
  12  6:07  SCV  
  12  6:12  SCV  
  12  6:18  Marine x2, Marauder x2  
  12  6:19  SCV  
  12  6:28  Barracks  
  12  6:32  Barracks  
  12  6:37  SCV, Barracks  
  12  6:38  SCV x2  
  12  6:44  Supply Depot  
  12  6:47  Orbital Command, Marine, Marauder  
  12  6:48  Marine  
  12  6:58  Terran Infantry Weapons Level 2, Terran Vehicle And Ship Armor Level 1  
  12  7:01  Terran Infantry Armor Level 2  
  12  7:08  Siege Tank  
  12  7:10  Medivac  
  12  7:12  Marine x2  
  12  7:20  Barracks Tech Lab  
  12  7:21  Barracks Reactor  
  12  7:23  SCV  
  12  7:25  SCV x2  
  12  7:29  Barracks Reactor  
  12  7:33  Marauder x3  
  12  7:34  Marine  
  12  7:35  SCV  
  12  7:37  SCV x2  
  12  7:44  Supply Depot  
  12  7:46  Supply Depot  
  12  7:47  SCV  
  12  7:55  Medivac x2  
  12  7:56  Command Center  
  12  7:57  Siege Tank  
  12  7:59  SCV x2  
  12  8:10  Supply Depot  
  12  8:11  Marine x5, Marauder x2  
  12  8:12  Marine  
  12  8:18  Starport  
  12  8:19  Refinery  
  12  8:20  SCV, Refinery  
  12  8:26  Supply Depot  
  12  8:31  Viking x2  
  12  8:37  SCV x2  
  12  8:42  SCV  
  12  8:48  Supply Depot  
  12  8:49  SCV  
  12  8:50  SCV, Supply Depot, Marine x2, Marauder x4  
  12  8:54  Siege Tank  
  12  8:58  Starport Reactor  
  12  9:11  Supply Depot, Marauder  
  12  9:25  Medivac x2  
  12  9:36  Orbital Command  
  12  9:39  SCV x3, Command Center  
  12  9:51  Supply Depot, SCV x2  
  12  9:53  Supply Depot  
  12  9:54  Supply Depot, Marine x7, Marauder x4  
  12  9:55  Marine  
  12  10:02  Viking  
  12  10:05  Viking  
  12  10:12  Marine  
  12  10:15  Marauder x2  
  12  10:19  SCV  
Tags
 
Add a new tag
Caveats
  • Supply blocks, unpowered buildings, or Contaminate may cause inaccurate times.
  • Supply counts are checked every 10 seconds.